[Event "DVM U10 2024"]
[Site "Duesseldorf"]
[Date "2024.12.28"]
[Round "5"]
[White "Cheng, Louis"]
[Black "Thotli, Jathin Krishna"]
[Result "0-1"]
[ECO "C44"]
[WhiteElo "2087"]
[BlackElo "1422"]
[Annotator "RC"]
[PlyCount "72"]
[EventDate "2024.12.23"]
[EventType "team-tourn"]
[EventRounds "7"]
[EventCountry "GER"]
[SourceTitle "playchess.com"]
[Source "ChessBase"]
[SourceQuality "1"]
[TimeControl "3300+5"]

1. e4 e5 2. Nf3 Nc6 3. d4 f6 4. dxe5 fxe5 5. Bc4 Bc5 6. Nc3 Nf6 7. Bg5 h6 8. Bh4 Na5 9. Nxe5 Nxc4 10. Nxc4 O-O 11. Nd5 Be7 12. e5 Nxd5 13. Bxe7 Nxe7 14. Qe2 d5 15. exd6 cxd6 16. O-O-O Rf6 17. Rd3 Be6 18. Nxd6 Bg4 19. Qxg4 Rxd6 20. Rhd1 Rxd3 21. Rxd3 Qc7 22. Rc3 Qxh2 23. Qe6+ Kf8 24. Rf3+ Ke8 25. Qg8+ Nxg8 26. Rg3 Rd8 27. Re3+ Ne7 28. b3 Qg1+ 29. Kb2 Qxf2 30. Rc3 Rd6 31. g4 Rd1 32. Ka3 Rb1 33. g5 Qb6 34. Rc4 Qd6+ 35. Rb4 a5 36. Ka4 Qxb4# 0-1

[Event "DVM U10 2024"]
[Site "Duesseldorf"]
[Date "2024.12.28"]
[Round "5"]
[White "Jiang, Alexander D"]
[Black "Nickel, Alexander"]
[Result "0-1"]
[ECO "C54"]
[WhiteElo "1958"]
[BlackElo "1200"]
[Annotator "RC"]
[PlyCount "110"]
[EventDate "2024.12.23"]
[EventType "team-tourn"]
[EventRounds "7"]
[EventCountry "GER"]
[SourceTitle "playchess.com"]
[Source "ChessBase"]
[SourceQuality "1"]
[TimeControl "3300+5"]

1. e4 e5 2. Nf3 Nc6 3. Bc4 Bc5 4. c3 Nf6 5. d4 exd4 6. cxd4 Bb4+ 7. Nc3 Nxe4 8. O-O Bxc3 9. bxc3 d5 10. Re1 O-O 11. Bb5 Bd7 12. c4 dxc4 13. Rxe4 Re8 14. Bxc6 Bxc6 15. Rxe8+ Qxe8 16. Ba3 Qe6 17. Ng5 Qg6 18. d5 Rd8 19. Be7 Rxd5 20. Qe2 Rxg5 21. Bxg5 Qxg5 22. f3 h6 23. Re1 a6 24. Qxc4 Qg6 25. Rd1 Bxf3 26. Rd8+ Kh7 27. Qd3 Be4 28. Qg3 Qb6+ 29. Kf1 Qf6+ 30. Qf2 Qxd8 31. Qxf7 Qf6+ 32. Qxf6 gxf6 33. Kf2 f5 34. g3 Kg7 35. Ke3 c5 36. a4 b5 37. a5 b4 38. Kd2 c4 39. h4 h5 40. Kc1 Kf6 41. Kb2 c3+ 42. Ka1 b3 43. g4 c2 44. g5+ Ke5 45. Kb2 f4 46. Kc1 f3 47. Kd2 f2 48. g6 Bxg6 49. Ke2 f1=Q+ 50. Kxf1 c1=Q+ 51. Kg2 Qf4 52. Kh3 Qg4+ 53. Kh2 Kf4 54. Kh1 Be4+ 55. Kh2 Qg3# 0-1

[Event "DVM U10 2024"]
[Site "Duesseldorf"]
[Date "2024.12.28"]
[Round "5"]
[White "Peters, Leopold"]
[Black "Studdert, Levi"]
[Result "0-1"]
[ECO "D37"]
[WhiteElo "1701"]
[BlackElo "1234"]
[Annotator "NA RC"]
[PlyCount "60"]
[EventDate "2024.12.23"]
[EventType "team-tourn"]
[EventRounds "7"]
[EventCountry "GER"]
[SourceTitle "playchess.com"]
[Source "ChessBase"]
[SourceQuality "1"]
[TimeControl "3300+5"]

1. d4 d5 2. c4 e6 3. Nc3 Nf6 4. Nf3 Be7 5. h3 O-O 6. Bf4 a6 7. e3 dxc4 8. Bxc4 b5 9. Bd3 Bb7 10. O-O Nbd7 11. Qe2 Rc8 12. Rac1 c5 13. Rfd1 Qb6 14. Bh2 c4 15. Bb1 Rfd8 16. Qc2 Nf8 17. Ne2 Bxf3 18. gxf3 Ng6 19. Bg3 Nh5 20. Kh2 f5 21. Be5 Nh4 22. Ng1 c3 23. Qe2 b4 24. bxc3 Rxc3 25. Qb2 Qc6 26. e4 Rc8 27. Rxc3 bxc3 28. Qc2 Qb5 29. d5 exd5 30. Rxd5 Qf1 0-1

[Event "DVM U10 2024"]
[Site "Duesseldorf"]
[Date "2024.12.28"]
[Round "5"]
[White "Schmidt, Jan"]
[Black "Barsov, Mikhail"]
[Result "1/2-1/2"]
[ECO "D58"]
[WhiteElo "1688"]
[BlackElo "1737"]
[Annotator "NA RC"]
[PlyCount "41"]
[EventDate "2024.12.23"]
[EventType "team-tourn"]
[EventRounds "7"]
[EventCountry "GER"]
[SourceTitle "playchess.com"]
[Source "ChessBase"]
[SourceQuality "1"]
[TimeControl "3300+5"]

1. d4 d5 2. c4 e6 3. Nc3 Nf6 4. Nf3 Be7 5. Bg5 h6 6. Bh4 O-O 7. e3 Nbd7 8. Bd3 dxc4 9. Bxc4 b6 10. O-O Bb7 11. Rc1 Rc8 12. Qe2 c5 13. Bb3 Ne4 14. Bxe7 Qxe7 15. Rfd1 Ndf6 16. h3 Rfd8 17. Nxe4 Nxe4 18. dxc5 Nxc5 19. Bc4 Qf6 20. Nd4 Qg6 21. Nf3 1/2-1/2

[Event "DVM U10 2024"]
[Site "Duesseldorf"]
[Date "2024.12.28"]
[Round "5"]
[White "Busch, Jonathan Luis"]
[Black "Ahmadov, Ahmad"]
[Result "1-0"]
[ECO "C54"]
[WhiteElo "1655"]
[BlackElo "1663"]
[Annotator "NA RC"]
[PlyCount "69"]
[EventDate "2024.12.23"]
[EventType "team-tourn"]
[EventRounds "7"]
[EventCountry "GER"]
[SourceTitle "playchess.com"]
[Source "ChessBase"]
[SourceQuality "1"]
[TimeControl "3300+5"]

1. e4 e5 2. Nf3 Nc6 3. Bc4 Bc5 4. c3 Nf6 5. d4 exd4 6. e5 d5 7. Bb5 Ne4 8. cxd4 Bb4+ 9. Bd2 Bxd2+ 10. Nbxd2 Bf5 11. Rc1 Bd7 12. Qc2 Nxd2 13. Qxd2 O-O 14. h3 f6 15. Be2 Re8 16. exf6 Qxf6 17. O-O Re7 18. Bd3 Bxh3 19. Bxh7+ Kxh7 20. Ng5+ Kg8 21. Nxh3 Qxd4 22. Qxd4 Nxd4 23. Rfe1 Rae8 24. Rxe7 Rxe7 25. Rd1 Ne2+ 26. Kf1 d4 27. Rd2 Nc1 28. Rxd4 Nxa2 29. Ra4 Nc1 30. Rxa7 Nd3 31. g3 c5 32. Ng5 Re1+ 33. Kg2 Re2 34. Ra8+ Re8 35. Rxe8# 1-0

[Event "DVM U10 2024"]
[Site "Duesseldorf"]
[Date "2024.12.28"]
[Round "5"]
[White "Kukhtichev, Maksim"]
[Black "Wilting, Oskar"]
[Result "1-0"]
[ECO "B22"]
[WhiteElo "1639"]
[BlackElo "1454"]
[Annotator "NA RC"]
[PlyCount "45"]
[EventDate "2024.12.23"]
[EventType "team-tourn"]
[EventRounds "7"]
[EventCountry "GER"]
[SourceTitle "playchess.com"]
[Source "ChessBase"]
[SourceQuality "1"]
[TimeControl "3300+5"]

1. e4 c5 2. c3 Nf6 3. e5 Nd5 4. d4 cxd4 5. cxd4 e6 6. Nf3 d6 7. exd6 Bxd6 8. Bc4 O-O 9. O-O Qc7 10. Bxd5 exd5 11. Nc3 Qc6 12. Bd2 Bf5 13. Qb3 Rd8 14. Kh1 Be7 15. Rfe1 Bf6 16. Rac1 Na6 17. Ne4 Qd7 18. Nxf6+ gxf6 19. Nh4 Be6 20. Qg3+ Kf8 21. Bh6+ Ke7 22. Nf5+ Ke8 23. Qg8# 1-0

[Event "DVM U10 2024"]
[Site "Duesseldorf"]
[Date "2024.12.28"]
[Round "5"]
[White "Braren, Ove Neelis"]
[Black "Bienbeck, Matthis"]
[Result "1-0"]
[ECO "B38"]
[WhiteElo "1634"]
[BlackElo "1490"]
[Annotator "NA RC"]
[PlyCount "117"]
[EventDate "2024.12.23"]
[EventType "team-tourn"]
[EventRounds "7"]
[EventCountry "GER"]
[SourceTitle "playchess.com"]
[Source "ChessBase"]
[SourceQuality "1"]
[TimeControl "3300+5"]

1. e4 c5 2. Nf3 Nc6 3. d4 cxd4 4. Nxd4 g6 5. c4 Bg7 6. Be3 d6 7. Nc3 Nf6 8. Be2 O-O 9. O-O Bd7 10. h3 b6 11. Qc2 Rc8 12. Rad1 Ne8 13. Qd2 Ne5 14. b3 Nc6 15. Nd5 Nf6 16. f3 e6 17. Nxc6 Bxc6 18. Nxf6+ Bxf6 19. Qxd6 Qxd6 20. Rxd6 Rfd8 21. Rfd1 Rxd6 22. Rxd6 Be7 23. Rd1 Kg7 24. Kf2 f6 25. Rc1 Be8 26. f4 Kf7 27. g4 Bc5 28. Rd1 Ke7 29. Bxc5+ bxc5 30. Ke3 Bd7 31. Bf3 Bc6 32. e5 f5 33. Rd6 Bxf3 34. Kxf3 Rc7 35. g5 Rd7 36. Rxd7+ Kxd7 37. Ke3 Kc6 38. Kd3 a5 39. Kc3 Kb6 40. a3 a4 41. b4 Kc6 42. bxc5 Kxc5 43. h4 Kc6 44. Kb4 Kb6 45. Kxa4 Kc5 46. Kb3 Kd4 47. Kb4 Ke4 48. c5 Kxf4 49. c6 Kg3 50. c7 f4 51. c8=Q f3 52. Qxe6 f2 53. Qf6 Kg2 54. e6 h5 55. e7 Kh1 56. e8=Q Kg1 57. Qe2 Kh1 58. Qf1+ Kh2 59. Q6xf2# 1-0

[Event "DVM U10 2024"]
[Site "Duesseldorf"]
[Date "2024.12.28"]
[Round "5"]
[White "Bashirova, Sona"]
[Black "Marx, Jakob"]
[Result "0-1"]
[ECO "E61"]
[WhiteElo "1626"]
[BlackElo "1591"]
[Annotator "NA RC"]
[PlyCount "62"]
[EventDate "2024.12.23"]
[EventType "team-tourn"]
[EventRounds "7"]
[EventCountry "GER"]
[SourceTitle "playchess.com"]
[Source "ChessBase"]
[SourceQuality "1"]
[TimeControl "3300+5"]

1. d4 Nf6 2. Bf4 g6 3. e3 Bg7 4. Nf3 O-O 5. c4 d6 6. Nc3 Nbd7 7. Bd3 Re8 8. O-O e5 9. dxe5 dxe5 10. Bg5 e4 11. Nxe4 h6 12. Bh4 c5 13. Qd2 Nxe4 14. Bxe4 g5 15. Bc2 gxh4 16. Qd3 Nf6 17. Qe2 Bg4 18. Rad1 Qc7 19. h3 Bh5 20. Qd3 Bxf3 21. gxf3 Rad8 22. Qb3 Qc6 23. e4 Nh5 24. Qe3 Bd4 25. Qc1 Qf6 26. Kh2 Be5+ 27. Kg1 Kh7 28. Rxd8 Rxd8 29. Re1 Qxf3 30. Re3 Rg8+ 31. Kf1 Qh1+ 0-1

[Event "DVM U10 2024"]
[Site "Duesseldorf"]
[Date "2024.12.28"]
[Round "5"]
[White "Jozsa, Lev"]
[Black "von Flottwell, Lionel"]
[Result "0-1"]
[ECO "C58"]
[WhiteElo "1617"]
[BlackElo "1597"]
[Annotator "NA RC"]
[PlyCount "52"]
[EventDate "2024.12.23"]
[EventType "team-tourn"]
[EventRounds "7"]
[EventCountry "GER"]
[SourceTitle "playchess.com"]
[Source "ChessBase"]
[SourceQuality "1"]
[TimeControl "3300+5"]

1. e4 e5 2. Nf3 Nc6 3. Bc4 Nf6 4. Ng5 d5 5. exd5 Na5 6. Bb5+ c6 7. dxc6 bxc6 8. Qf3 Be7 9. Bd3 O-O 10. Ne4 Nd5 11. Nec3 f5 12. Nxd5 cxd5 13. Qe2 Nc6 14. Bb5 Nd4 15. Qd3 Nxb5 16. Qxb5 Rf6 17. Nc3 d4 18. Nd5 Rd6 19. Nxe7+ Qxe7 20. Qe2 Bb7 21. f3 d3 22. Qd1 e4 23. O-O exf3 24. gxf3 Rg6+ 25. Kh1 Qe2 26. Qxe2 dxe2 0-1

[Event "DVM U10 2024"]
[Site "Duesseldorf"]
[Date "2024.12.28"]
[Round "5"]
[White "Dombert, Johannes"]
[Black "Oezkurt, Alper"]
[Result "1/2-1/2"]
[ECO "C02"]
[WhiteElo "1611"]
[BlackElo "1533"]
[Annotator "NA RC"]
[PlyCount "93"]
[EventDate "2024.12.23"]
[EventType "team-tourn"]
[EventRounds "7"]
[EventCountry "GER"]
[SourceTitle "playchess.com"]
[Source "ChessBase"]
[SourceQuality "1"]
[TimeControl "3300+5"]

1. e4 e6 2. d4 d5 3. e5 c5 4. c3 Nc6 5. Nf3 Qb6 6. Bd3 Bd7 7. O-O cxd4 8. Re1 Bc5 9. cxd4 Nxd4 10. Be3 Nxf3+ 11. Qxf3 Bxe3 12. Qxe3 Qxe3 13. Rxe3 Ne7 14. Nd2 Ng6 15. Rc1 Bc6 16. g3 Ne7 17. Nb3 Rd8 18. Nd4 O-O 19. Re2 Rc8 20. Rec2 Rfd8 21. Kf1 Bd7 22. f4 Rxc2 23. Rxc2 Nc6 24. Nxc6 Bxc6 25. Ke2 h6 26. b4 a6 27. a3 Kf8 28. h3 Ke7 29. Rc1 d4 30. Rc5 Rd5 31. Bc4 Rxc5 32. bxc5 g6 33. Kd3 Bg2 34. h4 h5 35. Kxd4 Kd7 36. Bb3 Bc6 37. a4 a5 38. Kc3 Kc7 39. Kd4 Kb8 40. Kc3 Be8 41. Kd3 Bd7 42. Kc3 Kc8 43. Kd3 Bc6 44. Kc3 Kd8 45. Kd3 Ke7 46. Ke3 Kf8 47. Bc2 1/2-1/2

[Event "DVM U10 2024"]
[Site "Duesseldorf"]
[Date "2024.12.28"]
[Round "5"]
[White "Ni, Wilhelm Zeyin"]
[Black "von Gehlen, Elian"]
[Result "1/2-1/2"]
[ECO "B11"]
[WhiteElo "1611"]
[BlackElo "1464"]
[Annotator "NA RC"]
[PlyCount "79"]
[EventDate "2024.12.23"]
[EventType "team-tourn"]
[EventRounds "7"]
[EventCountry "GER"]
[SourceTitle "playchess.com"]
[Source "ChessBase"]
[SourceQuality "1"]
[TimeControl "3300+5"]

1. e4 c6 2. Nf3 d5 3. Nc3 dxe4 4. Nxe4 Nf6 5. Qe2 Nxe4 6. Qxe4 Nd7 7. d4 Nf6 8. Qd3 Bg4 9. Be2 e6 10. O-O Bd6 11. Be3 Qc7 12. h3 Bh5 13. Rfe1 Nd5 14. c3 Bf4 15. Rad1 Nxe3 16. fxe3 Bg3 17. Rf1 h6 18. c4 g5 19. Nd2 Bxe2 20. Qxe2 h5 21. Ne4 Bh2+ 22. Kh1 O-O-O 23. Qf2 f5 24. Nxg5 Rde8 25. Nf3 Bg3 26. Qe2 Rhg8 27. e4 Qg7 28. e5 Rd8 29. Rd3 c5 30. d5 Qd7 31. d6 Bf4 32. Rb1 Qa4 33. b3 Qb4 34. Rbd1 Rg7 35. Qf2 Kd7 36. Qb2 Rdg8 37. a3 Qb6 38. Ne1 h4 39. Nf3 Bg3 40. Ne1 1/2-1/2

[Event "DVM U10 2024"]
[Site "Duesseldorf"]
[Date "2024.12.28"]
[Round "5"]
[White "Wang, Hanyu"]
[Black "Hahn, David"]
[Result "1-0"]
[ECO "B50"]
[WhiteElo "1606"]
[BlackElo "1887"]
[Annotator "NA RC"]
[PlyCount "101"]
[EventDate "2024.12.23"]
[EventType "team-tourn"]
[EventRounds "7"]
[EventCountry "GER"]
[SourceTitle "playchess.com"]
[Source "ChessBase"]
[SourceQuality "1"]
[TimeControl "3300+5"]

1. e4 c5 2. Nf3 d6 3. Nc3 g6 4. Bb5+ Bd7 5. Bxd7+ Qxd7 6. d3 Bg7 7. O-O Nf6 8. Bg5 O-O 9. e5 Ne8 10. exd6 Qxd6 11. Qd2 Nc6 12. Rfe1 Nf6 13. Bf4 Qd8 14. Rad1 Nh5 15. Bg3 Nxg3 16. hxg3 e6 17. Re2 Nd4 18. Nxd4 cxd4 19. Ne4 Re8 20. c3 dxc3 21. bxc3 Rc8 22. c4 Qd4 23. c5 Qb2 24. Qxb2 Bxb2 25. Nd6 Ba3 26. Nxe8 Rxe8 27. d4 Rd8 28. f3 e5 29. Rxe5 Bb2 30. Re4 b6 31. cxb6 axb6 32. Kf2 Rc8 33. Re2 Ba3 34. d5 Bc5+ 35. Kf1 Kg7 36. d6 b5 37. d7 Rd8 38. Re8 Bb6 39. Rxd8 Bxd8 40. Ke2 Kf6 41. Kd3 Ke7 42. Kc3 Ba5+ 43. Kb3 Kd8 44. a4 bxa4+ 45. Kxa4 Bb6 46. Kb5 Bf2 47. g4 h5 48. gxh5 gxh5 49. Kc6 Bg3 50. Rd2 Bf4 51. Re2 1-0

[Event "DVM U10 2024"]
[Site "Duesseldorf"]
[Date "2024.12.28"]
[Round "5"]
[White "Kinateder, Vitus"]
[Black "Vignesh Bama, Dev"]
[Result "1-0"]
[ECO "C44"]
[WhiteElo "1605"]
[BlackElo "1633"]
[Annotator "NA RC"]
[PlyCount "89"]
[EventDate "2024.12.23"]
[EventType "team-tourn"]
[EventRounds "7"]
[EventCountry "GER"]
[SourceTitle "playchess.com"]
[Source "ChessBase"]
[SourceQuality "1"]
[TimeControl "3300+5"]

1. e4 e5 2. Nf3 Nc6 3. d4 exd4 4. Bc4 Bb4+ 5. c3 dxc3 6. bxc3 Ba5 7. O-O Nh6 8. Qb3 Qe7 9. Ba3 d6 10. Re1 Be6 11. Bxe6 fxe6 12. Qxb7 O-O 13. Qxc6 Bb6 14. e5 Rad8 15. exd6 cxd6 16. Nbd2 Ng4 17. Rf1 e5 18. h3 Nf6 19. Nc4 Bc5 20. Bxc5 dxc5 21. Ncxe5 Rc8 22. Qa4 Ne4 23. Qxe4 Rxf3 24. gxf3 Qg5+ 25. Qg4 Qxe5 26. Qxc8+ Kf7 27. Qd7+ Kg6 28. Rfe1 Qg5+ 29. Qg4 Qxg4+ 30. fxg4 Kg5 31. Re7 Kh4 32. Rxg7 Kxh3 33. Rxh7+ Kxg4 34. Rxa7 c4 35. Rc7 Kf3 36. Rxc4 Ke2 37. Re4+ Kf3 38. Re8 Kf4 39. f3 Kg3 40. f4 Kf3 41. Rf1+ Kg3 42. f5 Kh3 43. Rg8 Kh4 44. Rf2 Kh5 45. Rh2# 1-0

[Event "DVM U10 2024"]
[Site "Duesseldorf"]
[Date "2024.12.28"]
[Round "5"]
[White "Elli, Emeric"]
[Black "Hornych, Fridtjof"]
[Result "1/2-1/2"]
[ECO "B13"]
[WhiteElo "1574"]
[BlackElo "1053"]
[Annotator "NA RC"]
[PlyCount "110"]
[EventDate "2024.12.23"]
[EventType "team-tourn"]
[EventRounds "7"]
[EventCountry "GER"]
[SourceTitle "playchess.com"]
[Source "ChessBase"]
[SourceQuality "1"]
[TimeControl "3300+5"]

1. e4 c6 2. d4 d5 3. exd5 cxd5 4. Bd3 Nf6 5. h3 e6 6. Nf3 Nc6 7. c3 Bd6 8. Be3 O-O 9. Nbd2 Qe7 10. Qc2 e5 11. O-O e4 12. Be2 exf3 13. Nxf3 Ne4 14. Rae1 Qf6 15. Bd3 Bf5 16. c4 Qe6 17. Nh4 Rfe8 18. Nxf5 Qxf5 19. f3 Qe6 20. fxe4 dxe4 21. Be2 Qg6 22. Bg4 Ne7 23. Bf4 Bxf4 24. Rxf4 f5 25. Bd1 Nc6 26. Qc3 Rad8 27. d5 Ne5 28. Bc2 Nf3+ 29. Rxf3 exf3 30. Rxe8+ Rxe8 31. Qxf3 Re5 32. Qf2 b6 33. g4 Qe8 34. Bd3 fxg4 35. hxg4 Qd7 36. Bf5 Qe7 37. Be6+ Rxe6 38. dxe6 Qc5 39. Qxc5 bxc5 40. a3 Kf8 41. Kf2 Ke7 42. Ke3 Kxe6 43. b4 cxb4 44. axb4 Kd6 45. Ke4 Ke6 46. c5 Kd7 47. b5 Kc7 48. Kd5 h6 49. Ke6 g6 50. Kf6 h5 51. gxh5 gxh5 52. Kg5 h4 53. Kxh4 Kb7 54. Kg5 a5 55. bxa6+ Kxa6 1/2-1/2

[Event "DVM U10 2024"]
[Site "Duesseldorf"]
[Date "2024.12.28"]
[Round "5"]
[White "Wessels, Keke"]
[Black "Riazi, Dominik"]
[Result "0-1"]
[ECO "D00"]
[WhiteElo "1568"]
[BlackElo "1602"]
[Annotator "NA RC"]
[PlyCount "81"]
[EventDate "2024.12.23"]
[EventType "team-tourn"]
[EventRounds "7"]
[EventCountry "GER"]
[SourceTitle "playchess.com"]
[Source "ChessBase"]
[SourceQuality "1"]
[TimeControl "3300+5"]

1. d4 d5 2. Nc3 Nf6 3. Bf4 c5 4. e3 a6 5. Qd2 Nc6 6. Nf3 Bf5 7. Bd3 Bxd3 8. Qxd3 e6 9. h3 c4 10. Qd2 Be7 11. O-O b5 12. Rfe1 Bb4 13. Qd1 Bxc3 14. bxc3 Ne4 15. Qc1 Qa5 16. Ne5 Nxe5 17. Bxe5 O-O 18. a3 Rfd8 19. Qd1 Qxc3 20. f3 Nd6 21. Bg3 Ra7 22. Re2 Rb7 23. Qc1 Qa5 24. Be1 Qb6 25. Bb4 a5 26. Bc5 Qc6 27. c3 Rbb8 28. Rb1 Re8 29. Reb2 Nf5 30. Kf2 a4 31. Rb4 Rb7 32. R1b2 Reb8 33. Qh1 Qc7 34. h4 Qg3+ 35. Ke2 Nxh4 36. Kf1 Nf5 37. Ke2 Nh4 38. Kd1 Nf5 39. Qg1 Nh4 40. Ke2 Nxf3 41. Kd1 0-1

[Event "DVM U10 2024"]
[Site "Duesseldorf"]
[Date "2024.12.28"]
[Round "5"]
[White "El-Issa, Erik"]
[Black "Mueller, Konstantin"]
[Result "0-1"]
[ECO "B22"]
[WhiteElo "1530"]
[BlackElo "1957"]
[Annotator "RC"]
[PlyCount "88"]
[EventDate "2024.12.23"]
[EventType "team-tourn"]
[EventRounds "7"]
[EventCountry "GER"]
[SourceTitle "playchess.com"]
[Source "ChessBase"]
[SourceQuality "1"]
[TimeControl "3300+5"]

1. e4 c5 2. c3 Nf6 3. e5 Nd5 4. d4 cxd4 5. cxd4 d6 6. exd6 Qxd6 7. Nc3 Nc6 8. Be3 Bf5 9. Nf3 e6 10. a3 Be7 11. Bc4 Nxc3 12. bxc3 O-O 13. O-O Rfd8 14. h3 Rac8 15. a4 Bf6 16. a5 a6 17. Qb3 Qc7 18. Qb6 Ne7 19. Qxc7 Rxc7 20. Nd2 Rdc8 21. Ra4 Nd5 22. Rc1 b5 23. axb6 Nxb6 24. Bxa6 Nxa4 25. Bxc8 Rxc8 26. c4 h6 27. c5 Nb6 28. Kh2 Nd5 29. Nc4 Bg6 30. Kg3 Be7 31. Ne5 Bd8 32. Kf3 Bf6 33. Nd7 Rc7 34. Nb6 Nb4 35. Nc4 Nc2 36. Rd1 h5 37. g3 Nb4 38. Bf4 Rc6 39. Be3 Nd5 40. Nd6 Be7 41. Nc4 Nc3 42. Rc1 Be4+ 43. Kf4 g5+ 44. Ke5 f6# 0-1

[Event "DVM U10 2024"]
[Site "Duesseldorf"]
[Date "2024.12.28"]
[Round "5"]
[White "Ragavendra Prasanna, Shyam Sundar"]
[Black "Zhu, Elias"]
[Result "0-1"]
[ECO "D02"]
[WhiteElo "1524"]
[BlackElo "934"]
[Annotator "NA RC"]
[PlyCount "88"]
[EventDate "2024.12.23"]
[EventType "team-tourn"]
[EventRounds "7"]
[EventCountry "GER"]
[SourceTitle "playchess.com"]
[Source "ChessBase"]
[SourceQuality "1"]
[TimeControl "3300+5"]

1. d4 d5 2. Bf4 Nc6 3. Nf3 Nf6 4. e3 Bf5 5. a3 h6 6. c4 e6 7. Qb3 b6 8. Nc3 Be7 9. cxd5 exd5 10. Bb5 Qd7 11. Ne5 Qc8 12. Nxc6 Bd7 13. Nxd5 Bd6 14. Bxd6 cxd6 15. Rc1 a6 16. Nxb6 Qb7 17. Nxa8 Qxa8 18. Qd5 Nxd5 19. O-O axb5 20. Nb4 Nxb4 21. axb4 Qb7 22. e4 O-O 23. d5 Re8 24. f3 Qb6+ 25. Kh1 Rc8 26. Ra1 Qb7 27. Rad1 Rc2 28. f4 f6 29. Rd3 Rxb2 30. e5 dxe5 31. fxe5 fxe5 32. Rg3 Qxd5 33. Rg1 Bc6 34. Rg6 Kh7 35. Rg4 h5 36. Rg5 Kh6 37. h4 Qe4 38. Rg3 Qxh4+ 39. Rh3 Qf2 40. Rh2 e4 41. Rh3 e3 42. Rh2 e2 43. Rh3 e1=Q 44. Rxe1 Qxg2# 0-1

[Event "DVM U10 2024"]
[Site "Duesseldorf"]
[Date "2024.12.28"]
[Round "5"]
[White "Bentele, Otto"]
[Black "Sauer, Ben"]
[Result "0-1"]
[ECO "B46"]
[WhiteElo "1522"]
[BlackElo "1645"]
[Annotator "NA RC"]
[PlyCount "88"]
[EventDate "2024.12.23"]
[EventType "team-tourn"]
[EventRounds "7"]
[EventCountry "GER"]
[SourceTitle "playchess.com"]
[Source "ChessBase"]
[SourceQuality "1"]
[TimeControl "3300+5"]

1. e4 c5 2. Nf3 e6 3. d4 cxd4 4. Nxd4 a6 5. Nc3 Qc7 6. Bd3 Nc6 7. Nxc6 bxc6 8. O-O Nf6 9. b3 Be7 10. Bb2 O-O 11. h3 d5 12. Re1 Bb7 13. e5 Nd7 14. Nb1 c5 15. c4 d4 16. Qh5 g6 17. Qd1 Nxe5 18. Be4 Nd7 19. Qf3 Bxe4 20. Qxe4 Nf6 21. Qf3 Rfe8 22. Nd2 Rad8 23. Rad1 Nd7 24. Ne4 e5 25. Ng3 Bf8 26. Ne4 Bg7 27. Ng5 Re7 28. Ne4 f5 29. Nd2 e4 30. Qg3 Qxg3 31. fxg3 Ne5 32. h4 Nd3 33. Rb1 Nxe1 34. Rxe1 Bh6 35. Nf1 Kf7 36. Kh1 e3 37. Nxe3 dxe3 38. Re2 Rd2 39. Rxe3 Bxe3 40. Bc3 Rc2 41. Ba5 Bf2 42. Kh2 Rd7 43. Kh3 Rd1 44. Bd2 Rh1# 0-1

[Event "DVM U10 2024"]
[Site "Duesseldorf"]
[Date "2024.12.28"]
[Round "5"]
[White "Pawlus, Daniel"]
[Black "Glavev, Victor"]
[Result "1-0"]
[ECO "D02"]
[WhiteElo "1521"]
[BlackElo "1443"]
[Annotator "NA RC"]
[PlyCount "73"]
[EventDate "2024.12.23"]
[EventType "team-tourn"]
[EventRounds "7"]
[EventCountry "GER"]
[SourceTitle "playchess.com"]
[Source "ChessBase"]
[SourceQuality "1"]
[TimeControl "3300+5"]

1. d4 d5 2. c4 c6 3. Nc3 Nf6 4. Nf3 Bf5 5. Qb3 Qb6 6. c5 Qxb3 7. axb3 e6 8. Bf4 Nbd7 9. e3 h6 10. b4 Ne4 11. Nxe4 dxe4 12. Ne5 Nxe5 13. Bxe5 f6 14. Bg3 Be7 15. b5 O-O 16. bxc6 bxc6 17. b4 Rfd8 18. b5 Rdc8 19. bxc6 Rxc6 20. Bb5 Rcc8 21. c6 Bb4+ 22. Ke2 Bc3 23. Ra2 Bg4+ 24. f3 exf3+ 25. gxf3 Bh5 26. c7 a5 27. Bd7 Rf8 28. Bd6 Rfd8 29. cxd8=Q+ Rxd8 30. Bxe6+ Kh8 31. Bc5 Be8 32. Rc1 Bb4 33. Bxb4 axb4 34. Rb2 Rb8 35. Rc8 Rxc8 36. Bxc8 Bh5 37. Rxb4 1-0

[Event "DVM U10 2024"]
[Site "Duesseldorf"]
[Date "2024.12.28"]
[Round "5"]
[White "Stopp, Bruno"]
[Black "Roessling, Johannes"]
[Result "1-0"]
[ECO "C24"]
[WhiteElo "1519"]
[BlackElo "1618"]
[Annotator "NA RC"]
[PlyCount "69"]
[EventDate "2024.12.23"]
[EventType "team-tourn"]
[EventRounds "7"]
[EventCountry "GER"]
[SourceTitle "playchess.com"]
[Source "ChessBase"]
[SourceQuality "1"]
[TimeControl "3300+5"]

1. e4 e5 2. Nf3 Nc6 3. Bc4 Nf6 4. d3 d5 5. exd5 Nxd5 6. O-O Bc5 7. Bxd5 Qxd5 8. Nc3 Qd8 9. Be3 Bb6 10. h3 Bf5 11. Qd2 O-O 12. Rad1 Re8 13. Ne4 Qd7 14. c3 Rad8 15. Qc2 h6 16. Rfe1 Bh7 17. Bxh6 Qe6 18. Be3 Rd7 19. Nfg5 Qe7 20. Nxh7 Kxh7 21. d4 Kg8 22. Ng5 g6 23. Nf3 exd4 24. Bxd4 Qd8 25. Rxe8+ Qxe8 26. Re1 Qd8 27. Bxb6 axb6 28. Qe4 Re7 29. Qb1 Rxe1+ 30. Qxe1 Qd5 31. Qe8+ Kg7 32. Qc8 Qxa2 33. Qxb7 Ne7 34. Qxc7 Nf5 35. Qxb6 1-0

[Event "DVM U10 2024"]
[Site "Duesseldorf"]
[Date "2024.12.28"]
[Round "5"]
[White "Zielke, Antonin"]
[Black "Baskurt, Ayaz"]
[Result "0-1"]
[ECO "B15"]
[WhiteElo "1519"]
[BlackElo "903"]
[Annotator "NA RC"]
[PlyCount "74"]
[EventDate "2024.12.23"]
[EventType "team-tourn"]
[EventRounds "7"]
[EventCountry "GER"]
[SourceTitle "playchess.com"]
[Source "ChessBase"]
[SourceQuality "1"]
[TimeControl "3300+5"]

1. e4 c6 2. d4 d5 3. Nc3 Nf6 4. Bd3 Bg4 5. f3 Bh5 6. Nge2 e6 7. e5 Bb4 8. Be3 O-O 9. exf6 Qxf6 10. Qd2 Nd7 11. O-O-O e5 12. dxe5 Qxe5 13. a3 Ba5 14. b4 Bc7 15. f4 Qf6 16. g3 Bxe2 17. Bxe2 b6 18. Qd4 Qd6 19. Bg4 Nf6 20. Be2 Rfe8 21. Bf2 Rad8 22. b5 c5 23. Qd3 c4 24. Qd4 Ne4 25. Bf3 Nxf2 26. Qxf2 Qxa3+ 27. Kd2 d4 28. Ne4 Bd6 29. Ke1 f5 30. Qxd4 Bb4+ 31. Rd2 Rxd4 32. Kf1 Bxd2 33. Ng5 Re1+ 34. Kg2 Rxh1 35. Kxh1 h6 36. Ne6 Qxf3+ 37. Kg1 Be3# 0-1

[Event "DVM U10 2024"]
[Site "Duesseldorf"]
[Date "2024.12.28"]
[Round "5"]
[White "Hantke, Florian"]
[Black "Liu, Yichen"]
[Result "1-0"]
[ECO "B13"]
[WhiteElo "1517"]
[BlackElo "1500"]
[Annotator "NA RC"]
[PlyCount "85"]
[EventDate "2024.12.23"]
[EventType "team-tourn"]
[EventRounds "7"]
[EventCountry "GER"]
[SourceTitle "playchess.com"]
[Source "ChessBase"]
[SourceQuality "1"]
[TimeControl "3300+5"]

1. e4 c6 2. d4 d5 3. exd5 cxd5 4. c4 Nf6 5. Nc3 dxc4 6. Bxc4 Bf5 7. Nf3 e6 8. Bg5 Be7 9. O-O Nc6 10. Bb5 O-O 11. Re1 a6 12. Ba4 h6 13. Bh4 Qc7 14. Bg3 Qb6 15. Bxc6 bxc6 16. Qd2 Rfd8 17. Rad1 Rab8 18. Ne5 Rbc8 19. Nf3 c5 20. d5 Bd6 21. Bh4 Kh7 22. Qc1 Qb7 23. dxe6 Bxe6 24. Qc2+ Kg8 25. Qc1 Be7 26. Ne5 Qc7 27. Bg3 Bd6 28. Qe3 Re8 29. Qd2 Rcd8 30. Qf4 Bc8 31. Qe3 Re7 32. Bf4 Kh7 33. Qd3+ g6 34. Nf3 Rxe1+ 35. Nxe1 Ne8 36. Ne4 Bf5 37. Bxd6 Nxd6 38. Nf6+ Kg7 39. Qc3 Kf8 40. Nh7+ Kg8 41. Nf6+ Kf8 42. Nd5 Qc6 43. Qh8# 1-0